 Dungeon Crawl Stone Soup version 0.29.0-4-gdea44cf6ec (console) character file.

Game seed: 495644124111203102

241180 odiv the Slayer (level 19, -7/189 HPs)
             Began as a Minotaur Fighter on Aug 26, 2022.
             Was the Champion of the Shining One.
             Succumbed to poison
             ... in a wizard's laboratory on Aug 27, 2022.
             The game lasted 03:04:05 (33530 turns).

odiv the Slayer (Minotaur Fighter)                 Turns: 33530, Time: 03:04:06

Health: -7/189     AC: 32    Str: 38    XL:     19   Next: 6%
Magic:  20/27      EV:  8    Int:  8    God:    the Shining One [******]
Gold:   680        SH:  0    Dex: 12    Spells: 18/18 levels left

rFire   + + +      SeeInvis +   a - +5 glaive (protect)
rCold   + + .      Faith    .   (shield currently unavailable)
rNeg    + + +      Spirit   .   J - +7 plate armour of Tounukk {Regen+ Dex+3}
rPois   .          Reflect  .   R - +0 hat of Orthodoxy {Rampage rF+ Str+3 Dex-4}
rElec   .          Harm     .   i - +2 cloak of Aluaxt {Dex+3}
rCorr   .          Rampage  +   e - +2 pair of gloves of Yredelemnul's Favour {rF++ rC+ Stlth-}
Will    +....                   x - +0 pair of boots
Stlth   ..........              A - amulet "Ofumnuj" {+Blink Regen+ Str+2 Int+3}
HPRegen 2.01/turn               F - ring of Noebis {rF+ Str+4 SInv}
MPRegen 0.20/turn               o - ring of protection from cold

@: lethally poisoned (-7 -> -60), grasped by roots, glowing, constricted, very
slow
A: horns 2, retaliatory headbutt
}: 1/15 runes: serpentine
a: Renounce Religion, Evoke Blink, Divine Shield, Cleansing Flame, Summon Divine
Warrior, Brand Weapon With Holy Wrath


You were in a wizard's laboratory.
You worshipped the Shining One.
The Shining One was exalted by your worship.
You visited 7 branches of the dungeon, and saw 30 of its levels.
You also visited: Gauntlet, Ice Cave and Wizlab.

You collected 2734 gold pieces.
You spent 2054 gold pieces at shops.

Inventory:

Hand Weapons
 a - a +5 glaive of protection (weapon)
 b - a +2 vorpal shortbow
 O - a +2 longbow of flaming
Missiles
 B - 7 curare-tipped darts (quivered)
 X - 3 throwing nets
Armour
 e - the +2 pair of gloves of Yredelemnul's Favour (worn) {rF++ rC+ Stlth-}
   (You found it on level 1 of the Elven Halls)

   rF:        It greatly protects you from fire.
   rC:        It protects you from cold.
   Stlth:     It makes you less stealthy.
 i - the +2 cloak of Aluaxt (worn) {Dex+3}
   (You found it in a Gauntlet)

   Dex:       It affects your dexterity (+3).
 x - a +0 pair of boots (worn)
 J - the +7 plate armour of Tounukk (worn) {Regen+ Dex+3}
   (You found it on level 2 of the Shoals)

   Dex:       It affects your dexterity (+3).
   Regen:     It increases your rate of health regeneration.
 R - the +0 hat of Orthodoxy (worn) {Rampage rF+ Str+3 Dex-4}
   (You found it in a Gauntlet)

   Str:       It affects your strength (+3).
   Dex:       It affects your dexterity (-4).
   rF:        It protects you from fire.
   Rampage:   It bestows one free step when moving towards enemies.
Jewellery
 o - a ring of protection from cold (right hand)
 y - a ring of flight
 A - the amulet "Ofumnuj" (around neck) {+Blink Regen+ Str+2 Int+3}
   (You bought it in a shop on level 3 of the Snake Pit)

   [amulet of regeneration]

   Str:       It affects your strength (+2).
   Int:       It affects your intelligence (+3).
   +Blink:    It lets you blink.
   Regen:     It increases your rate of health regeneration.
 F - the ring of Noebis (left hand) {rF+ Str+4 SInv}
   (You found it in a Gauntlet)

   [ring of protection from fire]

   Str:       It affects your strength (+4).
   rF:        It protects you from fire.
   SInv:      It lets you see invisible.
 I - a ring of protection from cold
 L - an amulet of the acrobat
 Z - a ring of poison resistance
Wands
 h - a wand of flame (7)
 w - a wand of paralysis (11)
 K - a wand of mindburst (4)
 U - a wand of roots (20)
 Y - a wand of quicksilver (7)
Scrolls
 c - 2 scrolls of fear
 f - 3 scrolls of silence
 g - 2 scrolls of summoning
 k - 5 scrolls of identify
 s - 5 scrolls of teleportation
 u - 2 scrolls of butterflies
 M - a scroll of magic mapping
 Q - 3 scrolls of blinking
Potions
 d - 5 potions of might
 l - 4 potions of curing
 n - a potion of ambrosia
 p - 3 potions of brilliance
 q - a potion of heal wounds
 r - 4 potions of resistance
 t - 4 potions of cancellation
 z - 7 potions of haste
 D - a potion of mutation
 S - 6 potions of flight
Miscellaneous
 v - a lightning rod (4/4)
 E - a phial of floods


   Skills:
 - Level 21.0 Fighting
 - Level 9.7(15.1) Axes
 * Level 18.2(19.0) Polearms
 + Level 15.4 Ranged Weapons
 - Level 14.3 Armour
 - Level 5.3 Dodging
 - Level 5.0 Shields
 - Level 12.2 Invocations
 - Level 8.0 Evocations


You had 18 spell levels left.
You didn't know any spells.
Your spell library contained the following spells:

 Spells                   Type           Power      Damage    Failure   Level
 Foxfire                  Conj/Fire      0%         2x1d4     86%         1
 Magic Dart               Conj           0%         1d3       86%         1
 Necrotise                Necr           0%         1d4       86%         1
 Sting                    Tmut/Pois      0%         1d3       86%         1
 Call Imp                 Summ           0%         N/A       95%         2
 Ensorcelled Hibernation  Hex/Ice        0%         N/A       95%         2
 Poisonous Vapours        Pois/Air       0%         N/A       95%         2
 Scorch                   Fire           0%         2d5       95%         2
 Searing Ray              Conj           0%         2d4       95%         2
 Static Discharge         Conj/Air       0%         3-3/arc   95%         2
 Sublimation of Blood     Necr           0%         N/A       95%         2
 Wereblood                Tmut           0%         N/A       95%         2
 Conjure Flame            Conj/Fire      0%         6-21      99%         3
 Gell's Gravitas          Tloc           0%         N/A       99%         3
 Ignite Poison            Fire/Tmut/Pois 0%         N/A       99%         3
 Inner Flame              Hex/Fire       0%         N/A       99%         3
 Lesser Beckoning         Tloc           0%         N/A       99%         3
 Mephitic Cloud           Conj/Pois/Air  0%         N/A       99%         3
 Ozocubu's Armour         Ice            0%         N/A       99%         3
 Portal Projectile        Hex/Tloc       0%         N/A       99%         3
 Spider Form              Tmut/Pois      0%         N/A       99%         3
 Summon Guardian Golem    Hex/Summ       0%         N/A       99%         3
 Teleport Other           Tloc           0%         N/A       99%         3
 Tukima's Dance           Hex            0%         N/A       99%         3
 Vampiric Draining        Necr           0%         2d6       99%         3
 Anguish                  Hex/Necr       0%         N/A       100%        4
 Dispel Undead            Necr           0%         3d6       100%        4
 Flame Wave               Conj/Fire      0%         2d4       100%        4
 Fulminant Prism          Conj/Hex       0%         3d6       100%        4
 Hailstorm                Conj/Ice       0%         3d3       100%        4
 Ice Form                 Ice/Tmut       0%         N/A       100%        4
 Olgreb's Toxic Radiance  Pois           0%         N/A       100%        4
 Passage of Golubria      Tloc           0%         N/A       100%        4
 Petrify                  Tmut/Erth      0%         N/A       100%        4
 Sticky Flame             Conj/Fire      0%         2d3       100%        4
 Agony                    Necr           0%         N/A       100%        5
 Freezing Cloud           Conj/Ice/Air   0%         6-21      100%        5
 Irradiate                Conj/Tmut      0%         3d11      100%        5
 Metabolic Englaciation   Hex/Ice        0%         N/A       100%        5
 Summon Forest            Summ/Tloc      0%         N/A       100%        5
 Summon Mana Viper        Hex/Summ       0%         N/A       100%        5
 Yara's Violent Unravell  Hex/Tmut       0%         3d3       100%        5
 Dispersal                Tloc           0%         N/A       100%        6
 Simulacrum               Ice/Necr       0%         N/A       100%        6
 Summon Cactus Giant      Summ           0%         N/A       100%        6
 Ozocubu's Refrigeration  Ice            0%         4d7       100%        7
 Summon Hydra             Summ           0%         N/A       100%        7
 Disjunction              Tloc           0%         N/A       100%        8
 Ignition                 Fire           0%         3d3       100%        8


Dungeon Overview and Level Annotations

Branches:
Dungeon (12/15)            Temple (1/1) D:7            Lair (5/5) D:8
 Shoals (4/4) Lair:2        Snake (4/4) Lair:3        Slime (0/5) Lair:5
    Orc (2/2) D:11            Elf (2/3) Orc:2         IceCv (visited)
 WizLab (1/1)             Gauntlet (visited)

Altars:
Ashenzari
Cheibriados
Elyvilon
Fedhas
Gozag
Hepliaklqana
Nemelex Xobeh
Okawaru
Sif Muna
Vehumet
Wu Jian
Yredelemnul
Zin
The Shining One
Jiyva

Shops:
D:3 =((   D:4 ?!   D:7 [   Orc:1 !   Orc:2 [*(=   Shoals:1 (   Snake:2 !
Snake:3 ::=

Annotations:
D:11 exclusion: orange crystal statue
Temple 2 transporters
Shoals:4 Mlioglotl WizLab exclusion: oklob plant


Innate Abilities, Weirdness & Mutations

You have a pair of horns on your head.
You reflexively headbutt those who attack you in melee.


Message History

You fester in the toxic bog!
You are more poisoned.
You feel very sick.
The fenstrider witch points at you and mumbles some strange words.
You suddenly lose the ability to move!
Roots burst forth from the earth!
The grasping roots grab you! The grasping roots constrict you!
You fester in the toxic bog!
You are more poisoned.
You feel extremely sick.
The fenstrider witch hits you but does no damage.
The fenstrider witch kicks you.
You fester in the toxic bog!
You are more poisoned.
You feel extremely sick.
The fenstrider witch drinks a potion.
The fenstrider witch's spells are empowered!
The grasping roots constrict you.
* * * LOW HITPOINT WARNING * * *
Your daeva calls down the wrath of the Shining One upon the fenstrider witch.
The fenstrider witch is smitten.
You are no longer corroded.
You feel extremely sick.
The fenstrider witch hits you but does no damage.
The fenstrider witch kicks you but does no damage.
Your daeva misses the fenstrider witch.
Your daeva hits the fenstrider witch with a +5 eudemon blade of holy wrath!
The grasping roots constrict you!
* * * LOW HITPOINT WARNING * * *
The fenstrider witch casts a spell at you.
The toxic sludge hits you!
You are lethally poisoned!
* * * LOW HITPOINT WARNING * * *
Splash!
You fall into the toxic bog.
Moving in this stuff is going to be slow.
You can move again.
You feel much better.
You fester in the toxic bog!
You are more poisoned.
* * * LOW HITPOINT WARNING * * *
You die...

...♣♣#.........#♣
♣....♣♣...∩...♣♣
♣...♣♣♣♣...♣♣♣ ♣♣♣♣
♣...♣♣♣♣...♣♣ .♣|♣♣
♣.H.♣♣♣♣...♣♣ ....♣♣
♣...♣ ♣♣)..♣ .....♣
♣♣..♣♣♣♣f..♣ ....♣♣
♣♣....♣♣...♣♣
#∩##♣♣♣♣♣.....)♣@.♣♣
)...#♣........)HA♣♣
)P.....P....♣...♣♣
.⌠...♣...♣..)).♣♣
.)..♣♣♣♣♣♣♣...♣♣
).⌠♣♣♣♣♣♣♣♣♣♣♣♣
............♣♣♣♣♣
................♣♣♣♣
♣)♣♣♣♣♣♣♣♣♣♣♣♣.....♣♣


You could see a shambling mangrove, a fenstrider witch (empowered, ally target)
and a friendly daeva (summoned).

Vanquished Creatures
  Vashnia (Snake:3)
  Nikola (Snake:2)
  A deep elf master archer (WizLab)
  Gastronok (D:10)
  A kraken (Shoals:3)
  Donald (Snake:2)
  A fenstrider witch (WizLab)
  4 nagarajas
  2 eleionomae (WizLab)
  A minotaur (Gauntlet)
  Azrael (Snake:3)
  A deep elf death mage (Elf:2)
  A merfolk javelineer (Shoals:3)
  A merfolk impaler (Shoals:1)
  A deep elf high priest (Elf:1)
  2 hydras (Lair:5)
  2 shambling mangroves (WizLab)
  2 boulder beetles
  A caustic shrike simulacrum (IceCv)
  A merfolk avatar (Lair:5)
  2 merfolk aquamancers
  A death scarab (Gauntlet)
  7 anacondas
  2 two-headed ogres
  10 naga warriors
  3 death yaks
  4 satyrs
  7 centaur warriors
  3 dancing weapons
  15 naga sharpshooters
  11 shock serpents
  A sun demon (D:12)
  A soul eater (D:12)
  6 deep elf knights
  Amaemon (D:10)
  14 sea snakes
  A salamander mystic (Snake:3)
  A death drake (Gauntlet)
  3 bog bodies (IceCv)
  Pikel (D:9)
  4 naga ritualists
  17 deep elf pyromancers
  8 mana vipers
  6 deep elf archers
  13 deep elf zephyrmancers
  A necromancer (IceCv)
  5 orc knights
  A harpy (Shoals:2)
  2 orc sorcerers
  An oklob plant (WizLab)
  A cyclops (D:11)
  12 fauns
  A wolf spider (Lair:5)
  9 manticores
  14 elephants
  4 merfolk sirens
  10 salamanders
  28 black mambas
  2 water nymphs
  Joseph (D:7)
  A gargoyle (D:6)
  3 torpor snails
  7 guardian serpents
  An orange demon (D:10)
  12 naga magi
  5 cane toads
  4 rime drakes
  10 komodo dragons
  7 freezing wraiths (IceCv)
  A spectral redback (Gauntlet)
  A golden dragon simulacrum (IceCv)
  4 yaktaurs (WizLab)
  An ice devil (D:12)
  A troll (shapeshifter) (Elf:1)
  An anaconda simulacrum (IceCv)
  6 trolls
  9 merfolk
  3 polar bears
  5 hornets
  3 wind drakes
  13 blink frogs
  Prince Ribbit (D:5)
  3 slime creatures
  5 snapping turtles
  7 dream sheep
  2 dire elephant simulacra (IceCv)
  An air elemental (Elf:2)
  3 wyverns
  6 fire elementals
  A spectral komodo dragon (Gauntlet)
  A vampire (D:12)
  6 water elementals
  40 yaks
  4 basilisks
  A minotaur simulacrum (IceCv)
  4 steam dragons
  Menkaure (D:6)
  A warg (Orc:2)
  A hydra simulacrum (IceCv)
  39 nagas
  2 hell hounds (Snake:3)
  15 water moccasins
  A swamp drake (D:11)
  2 black bears
  A hornet zombie (Gauntlet)
  29 orc warriors
  An alligator simulacrum (IceCv)
  An ice beast (D:6)
  11 wolves
  8 ogres
  7 centaurs
  A lemure (D:9)
  A phantom (D:5)
  13 bullfrogs
  2 earth elementals
  A necrophage (D:5)
  2 gnoll sergeants
  6 scorpions
  5 deep troll simulacra (IceCv)
  15 wights
  5 lindwurm simulacra (IceCv)
  3 killer bees (D:9)
  5 electric eels
  4 howler monkeys
  2 quasits (D:12)
  A hound (D:6)
  2 jellies
  16 orc priests
  2 spectral boggarts (Gauntlet)
  3 iguanas
  24 orc wizards
  7 gnolls
  18 adders
  2 river rats (D:4)
  A shadow imp (D:7)
  A white imp (D:8)
  2 ufetubi
  5 worms
  A dart slug (D:5)
  91 orcs
  5 endoplasms
  3 giant cockroaches
  7 goblins
  6 hobgoblins
  4 jackals (D:1)
  5 quokkas
  A training dummy (Shoals:1)
  5 ball pythons
  6 bats
  2 frilled lizards
  9 kobolds
  9 rats
867 creatures vanquished.

Vanquished Creatures (collateral kills)
  Saint Roka (Orc:2)
  A lich (IceCv)
  2 nagarajas (Snake:4)
  Aizul (Snake:2)
  A merfolk impaler (Shoals:1)
  2 caustic shrike simulacra (IceCv)
  A merfolk avatar (Shoals:3)
  3 anacondas (Snake:4)
  2 centaur warriors (Shoals:3)
  3 death yaks (Lair:5)
  An orc high priest (Orc:2)
  2 naga sharpshooters (Snake:4)
  2 naga ritualists (Snake:4)
  An obsidian statue (IceCv)
  2 sea snakes
  A bog body (IceCv)
  4 harpies
  An orc sorcerer (Orc:2)
  3 fauns (Shoals:2)
  A salamander (Snake:4)
  2 manticores
  A cyclops (Shoals:3)
  3 guardian serpents (Snake:4)
  An elephant (Lair:5)
  A merfolk siren (Shoals:2)
  A naga mage (Snake:4)
  A black mamba (Snake:4)
  2 cane toads (Lair:5)
  A rime drake (Lair:5)
  3 komodo dragons (Lair:5)
  3 anaconda simulacra (IceCv)
  7 freezing wraiths (IceCv)
  3 golden dragon simulacra (IceCv)
  A merfolk (Shoals:3)
  A wind drake (Lair:5)
  A blink frog (Lair:5)
  11 dream sheep
  2 snapping turtles
  2 dire elephant simulacra (IceCv)
  2 water elementals (Shoals:3)
  5 yaks (Lair:5)
  2 steam dragons (Lair:5)
  A harpy simulacrum (IceCv)
  2 nagas (Snake:4)
  2 water moccasins (Lair:5)
  2 orc warriors (Orc:2)
  6 wolves (Lair:5)
  5 centaurs (Shoals:3)
  A lindwurm simulacrum (IceCv)
  2 orc priests (Orc:2)
  2 orc wizards (Orc:2)
  2 orcs (Orc:2)
  2 training dummies (Shoals:1)
  A tentacle (Shoals:3)
119 creatures vanquished.

Vanquished Creatures (others)
  A thorn hunter (WizLab)
  2 naga sharpshooters (Snake:3)
  An orc (Orc:2)
  35 demonic plants
  21 fungi
  195 plants
  15 tentacles (Shoals:3)
  14 withered plants (Gauntlet)
284 creatures vanquished.

Grand Total: 1270 creatures vanquished

Notes
Turn   | Place    | Note
-------+----------+-------------------------------------------
     0 | D:1      | odiv the Minotaur Fighter began the quest for the Orb.
     0 | D:1      | Reached XP level 1. HP: 19/19 MP: 0/0
   398 | D:1      | Reached XP level 2. HP: 26/26 MP: 1/1
   536 | D:1      | Found a faded altar of an unknown god.
   555 | D:1      | Prayed at the altar of an unknown god.
   555 | D:1      | Became a worshipper of the Shining One
   555 | D:1      | Reached * piety under the Shining One
  1167 | D:2      | Found an ornate altar of the Wu Jian Council.
  1175 | D:2      | Reached XP level 3. HP: 31/31 MP: 2/2
  1370 | D:2      | You fall into a shaft and drop 2 floors!
  1374 | D:4      | Identified a scroll of acquirement
  1375 | D:4      | Acquired the +2 hat "Esophoi" {Rampage Dex+6}
  1421 | D:4      | Reached skill level 5 in Axes
  1703 | D:2      | Reached XP level 4. HP: 39/39 MP: 3/3
  2071 | D:3      | Reached XP level 5. HP: 45/45 MP: 4/4
  2084 | D:3      | Found Samuz's Antique Weapon Emporium.
  2375 | D:3      | Found Wiblenof's Weapon Shoppe.
  2382 | D:3      | Bought 2 poisoned darts for 8 gold pieces
  2444 | D:3      | Found Xodgheust's Jewellery Boutique.
  2833 | D:4      | Found Maethome's Magic Scroll Boutique.
  2878 | D:4      | Bought a scroll of identify for 22 gold pieces
  2878 | D:4      | Bought a scroll of identify for 22 gold pieces
  2878 | D:4      | Bought a scroll of identify for 22 gold pieces
  2878 | D:4      | Bought a scroll of identify for 22 gold pieces
  2878 | D:4      | Bought a scroll of identify for 22 gold pieces
  2878 | D:4      | Bought a scroll of identify for 22 gold pieces
  2986 | D:4      | Noticed a centaur
  3003 | D:4      | Reached skill level 4 in Fighting
  3005 | D:4      | Killed a centaur
  3075 | D:4      | Reached XP level 6. HP: 53/53 MP: 5/5
  3330 | D:4      | Found Viny's Distillery.
  3335 | D:4      | Bought a potion of curing for 39 gold pieces
  3405 | D:4      | Reached ** piety under the Shining One
  3491 | D:5      | Entered Level 5 of the Dungeon
  3539 | D:5      | Reached skill level 5 in Fighting
  3539 | D:5      | Reached skill level 5 in Shields
  3585 | D:5      | Reached skill level 6 in Fighting
  3635 | D:5      | Noticed Prince Ribbit
  3636 | D:5      | Found an opulent altar of Gozag.
  3654 | D:5      | Reached XP level 7. HP: 57/64 MP: 6/6
  3684 | D:5      | Killed Prince Ribbit
  3685 | D:5      | Reached skill level 7 in Fighting
  3715 | D:5      | Reached skill level 5 in Armour
  3755 | D:5      | Identified the +3 trident of Fedhas's Whim {holy, rF+
                  | Int+4}
  3825 | D:5      | Reached skill level 8 in Fighting
  3869 | D:5      | Reached XP level 8. HP: 70/74 MP: 7/7
  4220 | D:5      | Found a hazy altar of Hepliaklqana.
  4445 | D:5      | Reached skill level 9 in Fighting
  4721 | D:6      | Noticed Menkaure
  4738 | D:7      | Noticed Joseph
  4744 | D:6      | Killed Menkaure
  4824 | D:6      | Reached *** piety under the Shining One
  4829 | D:6      | Reached skill level 10 in Fighting
  4897 | D:6      | Reached XP level 9. HP: 85/85 MP: 8/8
  4926 | D:6      | Found an iron altar of Okawaru.
  5172 | D:6      | Noticed a gargoyle
  5192 | D:6      | Killed a gargoyle
  5407 | D:4      | Bought a potion of flight for 39 gold pieces
  5578 | D:7      | Reached skill level 11 in Fighting
  5589 | D:7      | Killed Joseph
  5647 | D:7      | Reached skill level 10 in Armour
  5718 | D:7      | Reached skill level 1 in Invocations
  5770 | D:7      | Found a staircase to the Ecumenical Temple.
  5779 | Temple   | Entered the Ecumenical Temple
  5779 | Temple   | Found a transporter.
  5779 | Temple   | Found a transporter.
  5800 | D:7      | Noticed a two-headed ogre
  5991 | D:7      | Reached skill level 12 in Fighting
  6155 | D:7      | Reached XP level 10. HP: 93/99 MP: 11/11
  6274 | D:8      | Reached **** piety under the Shining One
  6386 | D:8      | Reached skill level 13 in Fighting
  6403 | D:8      | Reached skill level 5 in Invocations
  6414 | D:8      | Found a staircase to the Lair.
  6479 | Lair:1   | Entered Level 1 of the Lair of Beasts
  6849 | Lair:1   | Noticed a death yak
  6856 | Lair:1   | Noticed a death yak
  6955 | Lair:2   | Noticed a cane toad
  6956 | Lair:2   | Noticed a torpor snail
  7072 | Lair:1   | Reached skill level 1 in Polearms
  7104 | Lair:1   | Noticed a death yak
  7111 | Lair:1   | Killed a death yak
  7413 | D:8      | Found a glowing golden altar of the Shining One.
  7429 | D:8      | Reached skill level 14 in Fighting
  7549 | D:9      | Found a glowing silver altar of Zin.
  7601 | D:9      | Noticed Pikel
  7614 | D:9      | Killed Pikel
  7945 | D:9      | Reached XP level 11. HP: 101/110 MP: 15/15
  8347 | D:10     | Entered Level 10 of the Dungeon
  8668 | D:10     | Reached skill level 1 in Dodging
  8669 | D:10     | Noticed Amaemon
  8682 | D:10     | Killed Amaemon
  8912 | D:10     | Noticed a two-headed ogre
  9069 | D:10     | Noticed Gastronok
  9111 | D:10     | Killed Gastronok
  9742 | D:11     | Noticed a boulder beetle
  9906 | D:11     | Found a staircase to the Orcish Mines.
 10034 | D:11     | Noticed an orange crystal statue
 10251 | D:3      | Bought the ring of Resumed Hostilities {rF++ SInv} for 513
                  | gold pieces
 10359 | D:7      | Found Jakano's Antique Armour Shoppe.
 10409 | D:7      | Killed a two-headed ogre
 10973 | D:11     | Reached skill level 15 in Fighting
 11197 | D:12     | Noticed a sun demon
 11208 | D:12     | Killed a sun demon
 11216 | D:12     | Noticed a two-headed ogre
 11313 | D:12     | Reached ***** piety under the Shining One
 11444 | Orc:1    | Entered Level 1 of the Orcish Mines
 11504 | Orc:1    | Found Boerur's Distillery.
 11518 | Orc:1    | Bought a potion of lignification for 39 gold pieces
 11637 | Orc:1    | Reached XP level 12. HP: 106/121 MP: 17/17
 11695 | Orc:1    | Reached skill level 5 in Dodging
 12155 | Orc:1    | Bought a potion of haste for 130 gold pieces
 12558 | D:12     | Killed a two-headed ogre
 12883 | D:12     | Noticed a seven-headed hydra
 13088 | D:8      | Killed a death yak
 13176 | D:8      | Killed a death yak
 13491 | Lair:2   | Found a staircase to the Shoals.
 13591 | Lair:2   | Found a snail-covered altar of Cheibriados.
 13898 | Lair:2   | Reached skill level 16 in Fighting
 14304 | Lair:3   | Found a gate leading to a gauntlet.
 14323 | Gauntlet | Entered a Gauntlet
 14323 | Gauntlet | Found a transporter.
 14326 | Gauntlet | Found a transporter.
 14371 | Gauntlet | Found a transporter.
 14375 | Gauntlet | Found a transporter.
 14377 | Gauntlet | Identified the +2 cloak of Aluaxt {Dex+3}
 14385 | Gauntlet | Found a transporter.
 14391 | Gauntlet | Found a transporter.
 14392 | Gauntlet | Noticed a death scarab
 14418 | Gauntlet | Found a transporter.
 14422 | Gauntlet | Killed a death scarab
 14444 | Gauntlet | Found a transporter.
 14458 | Gauntlet | Reached XP level 13. HP: 130/130 MP: 18/18
 14489 | Gauntlet | Found a transporter.
 14490 | Gauntlet | Noticed a green death
 14521 | Gauntlet | Found a transporter.
 14537 | Gauntlet | Reached skill level 17 in Fighting
 14550 | Gauntlet | Identified the ring of Noebis {rF+ Str+4 SInv}
 14555 | Gauntlet | Found a transporter.
 14585 | Gauntlet | Identified the +8 morningstar of Ileb {vorpal, rF+++ rN+
                  | Str-5 Dex+3}
 14585 | Gauntlet | Noticed a minotaur
 14594 | Gauntlet | Killed a minotaur
 14604 | Gauntlet | Identified the +0 ring mail of Sunlight {Regen+ rCorr}
 14608 | Gauntlet | Got the Directory of Spellbinding
 14610 | Gauntlet | Identified the +0 hat of Orthodoxy {Rampage rF+ Str+3
                  | Dex-4}
 14610 | Gauntlet | Identified the +0 robe "Mizustre" {rF+ Dex+4}
 15025 | Lair:3   | Found a staircase to the Snake Pit.
 15146 | Lair:3   | Reached skill level 18 in Fighting
 16449 | Lair:4   | Reached skill level 19 in Fighting
 16823 | Lair:5   | Entered Level 5 of the Lair of Beasts
 17012 | Lair:5   | Reached skill level 20 in Fighting
 17051 | Lair:5   | Found a viscous altar of Jiyva.
 17051 | Lair:5   | Found a staircase to the Slime Pits.
 17212 | Lair:5   | Reached XP level 14. HP: 148/148 MP: 20/20
 17259 | Lair:5   | Reached skill level 10 in Invocations
 17972 | Lair:5   | Reached skill level 21 in Fighting
 18276 | Snake:1  | Entered Level 1 of the Snake Pit
 18863 | Orc:2    | Entered Level 2 of the Orcish Mines
 19061 | Orc:2    | Found a staircase to the Elven Halls.
 19645 | Orc:2    | Noticed Saint Roka
 19673 | Orc:2    | Killed Saint Roka
 19705 | Orc:2    | Found Siot's Antique Armour Boutique.
 19744 | Orc:2    | Found Xumachio's General Store.
 19746 | Orc:2    | Found Hehicig's Jewellery Boutique.
 19777 | Orc:2    | Bought a scroll of noise for 14 gold pieces
 19777 | Orc:2    | Bought a scroll of blinking for 105 gold pieces
 19893 | Orc:2    | Found Momeres's Antique Weapon Boutique.
 20424 | D:3      | Bought a +2 vorpal shortbow for 165 gold pieces
 20519 | D:7      | Bought a glowing scarf for 216 gold pieces
 20737 | Snake:1  | Reached skill level 1 in Ranged Weapons
 20936 | Snake:1  | Reached skill level 5 in Polearms
 22042 | Snake:2  | Noticed a nagaraja
 22183 | Lair:3   | Killed a nagaraja
 22184 | Lair:3   | Reached XP level 15. HP: 158/158 MP: 14/23
 22664 | Snake:2  | Noticed Aizul
 22680 | Snake:2  | Killed Aizul
 22890 | Snake:2  | You fall into a shaft and drop 1 floor!
 22890 | Snake:3  | Noticed Azrael
 22890 | Snake:3  | Noticed Vashnia
 22910 | Snake:3  | Reached skill level 5 in Ranged Weapons
 23115 | Snake:3  | Killed Vashnia
 23151 | Snake:3  | Noticed Nikola
 23273 | Snake:2  | Noticed Donald
 23534 | Snake:2  | Found Miunt's Distillery.
 24333 | Snake:2  | Killed Donald
 24507 | Snake:2  | Noticed a nagaraja
 25004 | Snake:2  | Reached skill level 10 in Polearms
 25228 | Snake:1  | Killed a nagaraja
 25623 | Shoals:1 | Entered Level 1 of the Shoals
 26059 | Shoals:1 | Found Ecirout's Firing Range.
 26830 | Shoals:2 | Identified the +7 plate armour of Tounukk {Regen+ Dex+3}
 26976 | Shoals:2 | Reached XP level 16. HP: 161/167 MP: 24/24
 27125 | Shoals:2 | Reached skill level 10 in Ranged Weapons
 27586 | Shoals:3 | Found a frozen archway.
 27657 | IceCv    | Entered an ice cave
 27932 | IceCv    | Identified the +1 pair of gloves of Cheibriados's Grace
                  | {Harm Fly Dex-5 Slay+6}
 28008 | IceCv    | Noticed a lich
 28012 | IceCv    | Killed a lich
 28028 | IceCv    | Reached ****** piety under the Shining One
 28032 | IceCv    | Identified the +2 scale mail of the Slightly Bent {rElec
                  | Will- Str+7 Int-5}
 28103 | IceCv    | Found an ancient bone altar of Kikubaaqudgha.
 28396 | Shoals:3 | Noticed a kraken
 28454 | Shoals:3 | Noticed a kraken
 28470 | Shoals:3 | Killed a kraken
 28709 | Shoals:4 | Entered Level 4 of the Shoals
 28709 | Shoals:4 | Noticed Mlioglotl
 29060 | Snake:3  | Killed Azrael
 29135 | Snake:2  | Killed Nikola
 29454 | Snake:3  | Found Qeeje's Book Shoppe.
 29456 | Snake:3  | Found Xyamex's Jewellery Shop.
 29457 | Snake:3  | Found Hiobulum's Book Shoppe.
 29467 | Snake:3  | Reached skill level 15 in Polearms
 29467 | Snake:3  | Reached XP level 17. HP: 173/173 MP: 25/25
 29703 | Snake:4  | Entered Level 4 of the Snake Pit
 29812 | Snake:3  | Bought the amulet "Ofumnuj" {+Blink Regen+ Str+2 Int+3} for
                  | 654 gold pieces
 29940 | Snake:3  | Reached skill level 1 in Evocations
 30267 | Snake:4  | Reached XP level 18. HP: 82/182 MP: 18/26
 30429 | Snake:4  | Found a blossoming altar of Fedhas.
 30498 | Snake:4  | Reached skill level 5 in Evocations
 31534 | Snake:4  | Got a serpentine rune of Zot
 31929 | Elf:1    | Entered Level 1 of the Elven Halls
 32019 | Elf:1    | Identified the +2 pair of gloves of Yredelemnul's Favour
                  | {rF++ rC+ Stlth-}
 32758 | Elf:2    | Paralysed by an air elemental for 1 turns
 32762 | Elf:2    | Paralysed by an air elemental for 1 turns
 32784 | Elf:2    | Found a magical portal.
 32806 | Elf:2    | Reached skill level 15 in Ranged Weapons
 32831 | WizLab   | Entered Eringya's Formal Garden
 33314 | WizLab   | Reached XP level 19. HP: 85/189 MP: 27/27
 33522 | WizLab   | Paralysed by a fenstrider witch for 2 turns
 33526 | WizLab   | Paralysed by a fenstrider witch for 3 turns
 33529 | WizLab   | HP: 4/189 [fenstrider witch/toxic sludge (17)]
 33530 | WizLab   | Succumbed to poison

Illustrated notes

Levels and vault maps discovered:
D:1:      dpeg_arrival_refuge, layout_basic,
          hellmonk_ecumenical_altar_dog_temple, chequers_serial_rivers_micro_d,
          chequers_big_river, minmay_tetromino_i2
D:2:      minmay_razor_zed, layout_loops_ring, basic_altar
D:3:      layout_basic, serial_shops, nicolae_shop_bloodbath_and_beyond, shop,
          nicolae_square_shop
D:4:      layout_cave_pools, lightli_sewer_entry_pipes, serial_shops, shop,
          kennysheep_little_box, chequers_jeans
D:5:      minmay_chambers_of_fours, layout_cave_pools,
          nicolae_hepliaklqana_hazy_memory, amcnicky_altar_gilded,
          corner_web_ring, minivault_14, uniq_prince_ribbit1
D:6:      nicolae_BIG_FREAKIN_CUBE, layout_gridville,
          kennysheep_okawaru_gauntlet, uniq_menkaure
D:7:      layout_basic, minmay_temple_entry_antechambers, serial_shops,
          nicolae_shop_hallway_plus, lightli_minifort, uniq_joseph
D:8:      layout_rooms, lemuel_tele_altar, minmay_lair_entry_grove
D:9:      layout_cave_pods, mainiacjoe_overflow_six_doors_small,
          dk_noncrumbling_2, uniq_pikel
D:10:     layout_stronghold, grunt_ministairs_2, uniq_gastronok, uniq_amaemon
D:11:     layout_loops_ring, erik_orc_1, hangedman_decor_growths, minivault_16
D:12:     minmay_curly_fans, layout_basic, serial_demonic, serial_demonic_d,
          serial_demonic_f, serial_demonic_g, serial_demonic_c,
          minmay_lindwurm_lava, uniq_sonja, uniq_josephine
Temple:   hellmonk_temple_divided_pantheon
Lair:1:   layout_regular_city, grunt_megastairs_2
Lair:2:   layout_chaotic_city, elwin_shoals_entry_rocks, basic_altar
Lair:3:   layout_cave_pods, minmay_snake_entry_guardpost_medium,
          gauntlet_entry_generic
Lair:4:   layout_cave_shapes, grunt_megastairs_1
Lair:5:   gammafunk_lair_ancient_temple, layout_cave_pods, slime_entry_1,
          nicolae_lair_run_with_the_wolves
Shoals:1: layout_shoals, nicolae_shop_firing_range
Shoals:2: layout_shoals
Shoals:3: layout_shoals, portal_ice_cave_entry_pillars_1,
          nicolae_shoals_shepherds
Shoals:4: shoals_end_simple, layout_shoals, uniq_mlioglotl
Snake:1:  layout_cave_pods, serial_bayou_pond_e, serial_bayou_pond_d,
          grunt_ministairs_6, drop_trap, nicolae_snake_gridmaze_tees,
          nicolae_triple_integral
Snake:2:  layout_cave_shapes, serial_shops, shop_statue, nicolae_snake_bzzzt,
          uniq_donald, uniq_aizul
Snake:3:  layout_cave_shapes, minmay_shop_grove, uniq_nikola, uniq_azrael,
          uniq_vashnia
Snake:4:  grunt_snake_rune_pools, layout_onion, basic_altar, serial_bayou,
          serial_bayou_ford_a, serial_bayou_pond_d, serial_bayou_shore_a,
          serial_bayou_lagoon_a, drop_trap, st_stairs_2
Orc:1:    layout_caves, serial_shops, shop, abandoned_shop,
          nicolae_orc_rich_vein
Orc:2:    grunt_orc_cross, layout_caves
Elf:1:    eino_elf_arrival_shootout, layout_rooms,
          kennysheep_underground_church, solitary_fountain, grunt_ministairs_7
Elf:2:    nicolae_elf_blades_splatter_lattice [nicolae_blade_little_rooms],
          layout_gridlike, mu_enter_wizlab_6, serial_shops, shop_statue,
          nrook_loot_triangle, st_stairs_7, uniq_jorgrun
WizLab:   wizlab_eringya

Skill      XL: |  1  2  3  4  5  6  7  8  9 10 11 12 13 14 15 16 17 18 19 |
---------------+----------------------------------------------------------+-----
Axes           | 3 4 5 6 9 |  9.7
Fighting       | 4 6 8 10 12 14 15 16 20 21 | 21.0
Shields        | 4 5 |  5.0
Armour         | 5 8 10 11 13 14 | 14.3
Invocations    | 3 6 8 9 12 | 12.2
Polearms       | 3 4 6 11 15 17 18 | 18.2
Dodging        | 4 5 |  5.3
Ranged Weapons | 3 9 13 15 | 15.4
Evocations     | 3 8 |  8.0

Action                   |  1- 3 |  4- 6 |  7- 9 | 10-12 | 13-15 | 16-18 | 19-21 || total
-------------------------+-------+-------+-------+-------+-------+-------+-------++-------
Melee: War axe           |    47 |   117 |    10 |       |       |       |       ||   174
       Headbutt          |     5 |    21 |    51 |   202 |   326 |   157 |     4 ||   766
       Trident           |       |       |   241 |   742 |  1285 |   200 |       ||  2468
       Punch             |       |       |       |       |     5 |       |       ||     5
       Glaive            |       |       |       |       |       |   222 |    25 ||   247
       Halberd           |       |       |       |       |       |   293 |       ||   293
       Longbow           |       |       |       |       |       |       |     1 ||     1
 Fire: Sling             |    24 |    16 |       |     4 |       |       |       ||    44
       Shortbow          |       |       |       |       |   344 |   403 |    16 ||   763
       Longbow           |       |       |       |       |       |    41 |     8 ||    49
Throw: Dart              |       |     5 |     1 |    11 |     8 |     1 |       ||    26
       Stone             |       |       |     9 |     1 |       |       |       ||    10
       Boomerang         |       |       |       |    10 |    37 |       |       ||    47
       Javelin           |       |       |       |     8 |     6 |       |       ||    14
Invok: Cleansing Flame   |       |       |       |     5 |     1 |     3 |       ||     9
       Divine Shield     |       |       |       |     3 |     9 |       |       ||    12
       Summon Divine War |       |       |       |       |    11 |     8 |     1 ||    20
 Abil: Evoke Blink       |       |       |       |       |       |     2 |       ||     2
Evoke: Wand              |       |       |     1 |     7 |     3 |     1 |       ||    12
       Lightning rod     |       |       |       |       |       |     4 |       ||     4
  Use: Scroll            |     5 |    11 |     1 |    11 |    16 |     2 |       ||    46
       Potion            |       |       |     1 |     1 |     7 |     4 |     1 ||    14
Armor: Scale mail        |     8 |       |       |       |       |       |       ||     8
       Chain mail        |     4 |    72 |    84 |   149 |       |       |       ||   309
       Plate armour      |       |       |       |   149 |   810 |   563 |    19 ||  1541
Dodge: Dodged            |    25 |    25 |    61 |   212 |   488 |   338 |    14 ||  1163
Block: Buckler           |     6 |    29 |    57 |   165 |   181 |       |       ||   438
       Other             |       |       |       |       |     2 |       |       ||     2
